Map: Frozen Temple

Players

SKY

  • Race: Terran Terran
  • League: Master

Miszu - Winner!

  • Race: Terran Terran
  • League: Master

VOD

Have the link to the VOD?

Description

Time

  • Played on: May 1, 2016, 4:22 p.m.
  • Length: 14:19
Show
View Real Time Build Order
Export as new Build Order

SKY Terran 

Build Orders: 1/1/1, Bio Tank 

Get SALT Encoding   

  12  0:01  SCV  
  13  0:13  SCV  
  14  0:18  Supply Depot  
  14  0:25  SCV  
  15  0:31  Refinery  
  15  0:39  SCV  
  16  0:47  Barracks  
  16  0:52  SCV  
  17  1:02  Refinery  
  17  1:04  SCV  
  18  1:16  SCV  
  19  1:35  Factory, Orbital Command  
  19  1:36  Marine  
  20  1:53  Supply Depot  
  20  1:54  Marine  
  20  2:00  SCV  
  22  2:13  SCV  
  22  2:14  Marine  
  24  2:19  Starport  
  24  2:21  Factory Tech Lab  
  24  2:25  SCV  
  25  2:30  Bunker  
  25  2:32  Marine  
  26  2:39  Supply Depot, SCV  
  27  2:50  Factory Reactor  
  27  2:51  Marine, SCV  
  29  3:01  Raven  
  29  3:03  SCV  
  32  3:09  Supply Depot, Marine  
  33  3:18  SCV  
  34  3:28  Command Center  
  34  3:38  Marine  
  34  3:39  Marine  
  34  3:40  SCV  
  37  3:43  Supply Depot  
  37  3:51  Siege Tank  
  37  3:52  SCV  
  41  3:55  Medivac  
  41  4:02  Marine x2  
  40  4:20  Marine x2  
  40  4:21  SCV  
  35  4:33  Medivac, Siege Tank, SCV  
  42  4:45  SCV  
  42  4:46  Orbital Command  
  42  4:48  Marine x2  
  44  4:58  SCV  
  45  5:04  Orbital Command  
  45  5:06  Marine x2  
  47  5:09  Siege Tank  
  47  5:10  SCV  
  51  5:17  Starport Reactor  
  51  5:22  SCV  
  51  5:23  Barracks  
  51  5:26  Marine x2  
  54  5:31  SCV  
  54  5:32  Engineering Bay  
  54  5:34  SCV  
  56  5:44  SCV  
  56  5:47  Marine x2  
  56  5:48  Siege Tank  
  62  5:55  Medivac  
  64  5:57  SCV  
  64  6:05  Marine  
  55  6:20  Marine  
  55  6:21  SCV x2  
  55  6:23  Barracks Tech Lab  
  56  6:26  Barracks  
  56  6:33  Marine, SCV  
  56  6:36  Medivac x2  
  56  6:37  SCV  
  63  6:40  Refinery  
  63  6:41  Supply Depot, Marine  
  63  6:44  Stimpack  
  63  6:45  SCV  
  65  6:48  Marine  
  65  6:49  SCV  
  67  6:57  SCV  
  67  6:58  Marine  
  67  6:59  Supply Depot, Marine  
  70  7:02  SCV  
  70  7:06  Marine  
  72  7:12  SCV  
  72  7:15  Marine  
  73  7:16  Marine x2  
  73  7:21  Siege Tank  
  80  7:22  SCV  
  80  7:24  Marine  
  80  7:28  Terran Infantry Weapons Level 1  
  80  7:29  SCV  
  82  7:33  Marine x2  
  82  7:35  SCV  
  82  7:36  Supply Depot  
  85  7:42  Marine  
  85  7:44  Command Center  
  86  7:57  Barracks Reactor, Marine, SCV  
  86  7:58  SCV  
  89  8:04  Siege Tank  
  80  8:14  Marine x2  
  80  8:15  SCV  
  83  8:20  Barracks  
  83  8:21  Barracks  
  83  8:22  SCV  
  83  8:26  Marine  
  80  8:27  SCV  
  80  8:29  Supply Depot  
  80  8:32  Marine  
  80  8:34  Marine x3, SCV  
  83  8:37  Siege Tank  
  83  8:39  SCV  
  90  8:44  Marine  
  90  8:45  Supply Depot, Refinery  
  90  8:46  SCV  
  92  8:49  Engineering Bay  
  92  8:50  Marine, Combat Shields, Armory  
  92  8:51  Medivac  
  95  9:06  Marine x2  
  95  9:07  Marine  
  95  9:09  Barracks Reactor x2, Marine  
  94  9:10  SCV  
  94  9:11  Marine  
  94  9:16  Siege Tank  
  99  9:19  SCV  
  99  9:21  SCV  
  99  9:24  Marine x2  
  96  9:25  Marine  
  96  9:28  Marine  
  96  9:29  Marine  
  86  9:34  SCV  
  86  9:35  Orbital Command  
  85  9:38  Terran Infantry Armor Level 1  
  85  9:42  Marine x2  
  85  9:43  Marine  
  88  9:46  Marine x3  
  88  9:47  Marine  
  88  9:48  Marine  
  88  9:49  Marine  
  94  9:54  Orbital Command  
  94  9:59  Marine x2  
  94  10:04  SCV  
  94  10:06  Marine x2  
  99  10:07  SCV  
  99  10:09  Marine  
  99  10:11  Marine  
  102  10:14  Siege Tank  
  102  10:16  SCV  
  102  10:18  Marine  
  102  10:19  Marine x2  
  109  10:22  Marine  
  109  10:23  Marine  
  109  10:25  Terran Infantry Weapons Level 2  
  111  10:29  Supply Depot  
  111  10:32  Marine  
  111  10:34  SCV  
  113  10:35  Marine  
  113  10:36  Marine x2  
  113  10:37  Marine  
  113  10:39  Marine  
  117  10:43  Marine x3  
  117  10:46  Medivac, Siege Tank  
  125  10:51  Medivac  
  125  10:56  Marine x3  
  130  10:57  Marine  
  130  10:59  Supply Depot, SCV  
  130  11:00  Refinery  
  130  11:01  Marine  
  130  11:02  Refinery  
  133  11:04  SCV  
  133  11:06  Marine x2  
  133  11:10  Marine  
  137  11:18  Siege Tank  
  137  11:20  Marine  
  140  11:30  Marine  
  140  11:32  Marine, Orbital Command  
  121  11:33  Marine x2  
  121  11:38  Marine  
  119  11:41  Marine x2  
  119  11:44  Terran Infantry Armor Level 2  
  106  11:54  Marine x2  
  106  11:55  Marine x2  
  106  11:56  Siege Tank  
  106  11:59  Marine  
  113  12:03  Marine x2  
  113  12:04  Marine  
  113  12:07  Marine  
  117  12:12  Marine x3  
  117  12:14  SCV  
  121  12:16  Factory, Marine  
  121  12:17  Marine  
  121  12:21  Marine x2  
  121  12:22  Marine  
  126  12:25  Medivac x2  
  126  12:26  Marine  
  131  12:30  Marine  
  131  12:31  Marine  
  123  12:37  Marine  
  123  12:38  Marine  
  123  12:41  Marine x2  
  123  12:43  Marine x2  
  105  12:50  Marine x2  
  107  12:55  Marine x2  
  107  12:57  Marine, Siege Tank  
  111  13:02  Factory Tech Lab  
  111  13:03  Medivac  
  111  13:04  Medivac  
  115  13:14  Marine  
  115  13:15  Marine  
  115  13:16  Marine  
  115  13:17  Marine  
  118  13:21  Marine x3, Command Center  
  121  13:27  Siege Tank  
  121  13:30  Marine  
  121  13:31  Marine x2  
  127  13:38  Marine x2  
  127  13:41  Marine  
  129  13:47  Marine  
  115  13:49  Marine x2  
  115  13:50  Marine x2  
  91  13:56  Marine x2  
  91  13:57  Marine  
  91  13:59  Marine  
Show
View Real Time Build Order
Export as new Build Order

Miszu Terran - Winner!

Build Orders: 1/1/1, MMM Bio 

Get SALT Encoding   

  12  0:00  SCV  
  13  0:12  SCV  
  14  0:18  Supply Depot  
  14  0:25  SCV  
  14  0:27  Refinery  
  15  0:39  SCV  
  16  0:46  Barracks  
  16  0:52  Refinery  
  16  0:56  SCV  
  17  1:09  SCV  
  18  1:21  SCV  
  19  1:33  Orbital Command  
  19  1:38  Factory  
  19  1:42  Reaper  
  20  1:53  Supply Depot  
  20  1:59  SCV  
  21  2:14  Reaper  
  24  2:23  Hellion  
  24  2:24  Starport  
  24  2:31  Supply Depot  
  24  2:32  SCV  
  27  2:44  Hellion  
  27  2:45  SCV  
  27  2:47  Reaper  
  29  2:58  SCV  
  30  3:02  Medivac  
  30  3:04  Supply Depot  
  32  3:11  Hellion  
  34  3:19  Barracks Tech Lab  
  36  3:37  Command Center  
  36  3:40  SCV  
  35  3:47  Raven  
  37  3:48  Factory Tech Lab  
  37  3:49  Barracks Reactor  
  37  3:57  SCV  
  36  4:30  SCV  
  28  4:34  Marine x2  
  30  4:41  Barracks  
  30  4:42  Barracks, SCV  
  30  4:43  Factory Tech Lab  
  31  4:50  Orbital Command  
  31  4:52  Starport Reactor  
  31  4:53  Marine x2  
  31  4:54  SCV  
  34  5:01  Siege Tank  
  34  5:06  SCV  
  38  5:12  Engineering Bay  
  38  5:16  SCV  
  38  5:18  SCV  
  40  5:24  Marine  
  41  5:28  SCV  
  41  5:29  Refinery  
  41  5:31  SCV  
  41  5:33  Siege Tank  
  41  5:34  Stimpack  
  41  5:35  Medivac  
  48  5:39  Terran Infantry Weapons Level 1  
  48  5:40  SCV  
  49  5:43  SCV  
  49  5:47  Marine  
  49  5:49  Marine x2  
  51  5:50  Marine  
  51  5:53  SCV  
  54  5:59  Orbital Command  
  51  6:05  Marine, SCV  
  51  6:10  Marine x2  
  51  6:11  Marine  
  49  6:19  SCV  
  50  6:26  Marine, SCV  
  50  6:28  Marine  
  50  6:32  SCV  
  54  6:34  Combat Shields  
  54  6:40  Refinery  
  54  6:41  Supply Depot  
  54  6:42  Marine x2, SCV  
  54  6:44  SCV  
  58  6:54  SCV  
  58  6:56  Medivac, SCV  
  62  7:06  SCV  
  63  7:08  Siege Tank  
  63  7:09  SCV  
  63  7:15  Marine  
  68  7:16  Supply Depot, Marine x2  
  68  7:17  Marine  
  68  7:19  SCV  
  68  7:21  SCV  
  73  7:31  SCV  
  73  7:33  Marine, SCV  
  73  7:34  Marine x2  
  78  7:37  Marine  
  78  7:40  Siege Tank  
  78  7:43  SCV  
  83  7:45  SCV  
  83  7:49  Medivac  
  86  7:54  Marine  
  86  7:57  SCV  
  86  7:58  Marine x3  
  86  8:07  SCV  
  86  8:29  Supply Depot  
  86  8:30  Supply Depot  
  86  8:32  Marine x3, Medivac  
  86  8:33  Siege Tank  
  94  8:37  Supply Depot  
  94  8:39  Refinery  
  94  8:50  Marine x4, Command Center  
  94  8:51  SCV x2  
  94  8:52  Supply Depot  
  94  8:54  Supply Depot  
  100  8:57  Medivac  
  102  9:03  SCV x2  
  102  9:04  Barracks x2  
  101  9:15  SCV x2  
  102  9:27  SCV x2  
  80  9:32  Marine x4  
  80  9:33  Medivac x2, Siege Tank  
  88  9:39  SCV x2  
  88  9:45  Terran Infantry Armor Level 1  
  90  9:50  Marine x4  
  90  9:51  SCV  
  95  9:57  Barracks Reactor x2  
  95  10:03  Engineering Bay, Medivac  
  95  10:05  Armory  
  97  10:07  Marine, Orbital Command  
  97  10:08  Marine x3  
  97  10:09  SCV  
  101  10:23  Sensor Tower  
  101  10:24  Sensor Tower, Missile Turret x2  
  101  10:25  Marine  
  101  10:26  Marine x3  
  105  10:29  SCV  
  105  10:35  SCV x2  
  108  10:38  Marine  
  108  10:39  Marine x3  
  108  10:41  SCV  
  113  10:43  Refinery, Marine  
  113  10:44  Marine, Refinery  
  113  10:47  Siege Tank  
  113  10:48  Supply Depot  
  118  10:54  Terran Infantry Weapons Level 2  
  118  11:04  Marine  
  118  11:05  Marine  
  118  11:06  Factory  
  118  11:08  Marine  
  118  11:09  Marine x5  
  118  11:10  Medivac  
  128  11:22  Marine  
  128  11:23  Marine  
  119  11:26  Marine  
  91  11:41  Marine x5  
  91  11:42  Marine x2  
  91  11:44  Marine, Orbital Command  
  84  11:57  Siege Tank  
  84  11:58  SCV  
  84  11:59  Marine x7, SCV  
  100  12:02  Marine  
  101  12:09  Factory  
  101  12:10  SCV x2  
  101  12:11  SCV  
  100  12:17  Marine x7, Terran Vehicle Weapons Level 1  
  100  12:20  Marine  
  100  12:22  SCV  
  109  12:23  Medivac, SCV x2  
  113  12:30  Sensor Tower  
  113  12:34  Marine, SCV  
  113  12:35  Marine x3, SCV x2  
  110  12:46  SCV  
  110  12:47  SCV x2  
  113  12:54  Marine  
  113  12:55  Marine x7, Siege Tank  
  113  12:57  Factory Tech Lab  
  128  13:09  Refinery  
  128  13:10  Refinery, Sensor Tower  
  128  13:12  Marine  
  129  13:18  Marine  
  129  13:19  Siege Tank  
  133  13:20  Marine x6  
  135  13:27  Siege Tank  
  135  13:30  Marine  
  139  13:35  Medivac x2  
  139  13:36  Marine  
  139  13:37  Marine  
  139  13:38  Marine x5  
  150  13:48  Marine  
  139  13:54  Marine  
  131  13:55  Marine  
  131  13:56  Marine x4  
  131  14:00  Marine  
Tags
 
Add a new tag
Caveats
  • Supply blocks, unpowered buildings, or Contaminate may cause inaccurate times.
  • Supply counts are checked every 10 seconds.